 Dungeon Crawl Stone Soup version 0.30.1-9-gdf580d7c3d (webtiles) character file.

Game seed: 12440485618552415317

4224 adizb the Cleaver (level 10, -7/91 HPs)
             Began as a Minotaur Berserker on Sept 30, 2023.
             Was an Elder of Trog.
             Mangled by a blink frog (11 damage)
             ... on level 1 of the Lair of Beasts.
             The game lasted 00:24:42 (6554 turns).

adizb the Cleaver (Minotaur Berserker)              Turns: 6554, Time: 00:24:44

Health: -7/91      AC: 19    Str: 25    XL:     10   Next: 9%
Magic:  9/9        EV:  7    Int:  4    God:    Trog [****..]
Gold:   686        SH:  4    Dex: 11    Spells: 9/9 levels left

rFire   . . .        D - +1 war axe
rCold   . . .        s - +0 buckler
rNeg    . . .        l - +0 plate armour
rPois   .            (helmet restricted)
rElec   .            z - +0 cloak
rCorr   .            (no gloves)
SInv    .            (no boots)
Will    +++..        a - amulet of the acrobat Stlth
                     r - ring of willpower
HPRegen 1.35/turn    A - +4 ring of protection
MPRegen 0.11/turn

%: acrobat
@: strong-willed, on berserk cooldown, regenerating, slowed, very slow
A: horns 2, retaliatory headbutt
a: Renounce Religion, Berserk, Trog's Hand, Brothers in Arms


You were on level 1 of the Lair of Beasts.
You worshipped Trog.
Trog was greatly pleased with you.
You visited 2 branches of the dungeon, and saw 9 of its levels.
You also visited: Sewer.

You collected 686 gold pieces.

Inventory:

Hand Weapons
 D - a +1 war axe (weapon)
Missiles
 i - 6 atropa-tipped darts (quivered)
 y - a curare-tipped dart
Armour
 l - a +0 plate armour (worn)
 s - a +0 buckler (worn)
 z - a +0 cloak (worn)
Jewellery
 a - an amulet of the acrobat (around neck)
 g - a ring of protection from cold
 h - a ring of see invisible
 r - a ring of willpower (left hand)
 A - a +4 ring of protection (right hand)
Wands
 n - a wand of paralysis (15)
 E - a wand of roots (6)
Scrolls
 b - a scroll of fear
 c - 2 scrolls of poison
 k - 2 scrolls of blinking
 m - 5 scrolls of teleportation
 t - a scroll of identify
 v - a scroll of vulnerability
 w - 2 scrolls of enchant weapon
 C - a scroll of fog
Potions
 d - 5 potions of brilliance {unknown}
 e - 2 potions of haste {unknown}
 f - a potion of might
 j - 2 potions of heal wounds {unknown}
 o - a potion of curing
 p - a potion of mutation {unknown}
 q - 6 potions of flight
 u - a potion of experience {unknown}
 x - 2 potions of degeneration {unknown}
 B - a potion of cancellation {unknown}


   Skills:
 + Level 9.4 Fighting
 * Level 12.7 Axes
 + Level 9.1 Armour
 - Level 2.1 Dodging
 - Level 2.0 Shields


You had 9 spell levels left.
You didn't know any spells.
Your spell library was empty.

Dungeon Overview and Level Annotations

Branches:
Dungeon (8/15)             Temple (0/1) D:7            Lair (1/5) D:8
  Sewer (visited)

Altars:
Ashenzari
Dithmenos
Elyvilon
Ru
Vehumet
The Shining One


Innate Abilities, Weirdness & Mutations

You have a pair of horns on your head.
You reflexively headbutt those who attack you in melee.


Message History

The blink frog blinks!
You are no longer berserk.
You are exhausted.
You feel yourself slow down.
The blink frog blinks!
The blink frog blinks!
You block the blink frog's attack. The blink frog barely misses you.
You slash the blink frog!
The blink frog is moderately wounded.
You miss the blink frog. The blink frog barely misses you.
The blink frog hits you.
* * * LOW HITPOINT WARNING * * *
The blink frog blinks! x2
The blink frog hits you but does no damage.
The blink frog blinks! x2
You barely miss the blink frog. Your headbutt misses the blink frog.
The blink frog is moderately wounded.
The blink frog blinks! x2
You slash the blink frog! Your headbutt misses the blink frog.
The blink frog is moderately wounded.
The blink frog hits you but does no damage.
The blink frog hits you.
* * * LOW HITPOINT WARNING * * *
You barely miss the blink frog.
The blink frog is moderately wounded.
The blink frog closely misses you. You block the blink frog's attack.
The blink frog blinks!
You closely miss the blink frog.
The blink frog is almost dead.
You slash the blink frog!
The blink frog blinks!
The blink frog hits you.
* * * LOW HITPOINT WARNING * * *
The blink frog blinks! x2
Okay, then.
Your skin crawls.
You feel strong-willed. The blink frog hits you.
* * * LOW HITPOINT WARNING * * *
The blink frog hits you.
* * * LOW HITPOINT WARNING * * *
The blink frog blinks!
The blink frog hits you!
You die...

#..§........##
#..........##
##...§......#
##...........#
#.F......§..##
##F..........#
#............#
##F........#..#
#@FF......#†..#
#........###......
#.........##......
###......§§....F..
###P#...#..§.F.F
###..........F
#...........
##..#.......
..##.....


You could see 5 blink frogs.

Vanquished Creatures
  A troll (D:8)
  3 blink frogs (Lair:1)
  Eustachio (D:6)
  2 steam dragons
  2 water moccasins (Lair:1)
  An acid dragon (D:8)
  An orc warrior (D:7)
  2 sky beasts
  2 ogres
  2 centaurs (D:7)
  2 phantoms
  2 kobold brigands
  A gnoll sergeant (D:7)
  4 bullfrogs
  4 killer bees
  4 electric eels (D:8)
  2 howler monkeys (D:6)
  3 jellies
  Crazy Yiuf (D:7)
  10 hounds
  2 orc priests (D:8)
  An iguana (D:7)
  2 sleepcaps
  Ijyb (D:3)
  3 orc wizards
  A sickly merfolk siren (Sewer)
  A malarious merfolk avatar (Sewer)
  9 gnolls
  16 adders
  4 river rats
  A shadow imp (D:6)
  A white imp (D:5)
  An ufetubus (D:4)
  3 worms
  15 dart slugs
  17 orcs
  3 bats
  5 endoplasms
  6 giant cockroaches
  4 goblins
  3 hobgoblins
  4 jackals (D:3)
  4 quokkas
  14 ball pythons
  8 frilled lizards
  14 kobolds
  30 rats
223 creatures vanquished.

Notes
Turn   | Place    | Note
-------+----------+-------------------------------------------
     0 | D:1      | adizb the Minotaur Berserker began the quest for the Orb.
     0 | D:1      | Reached XP level 1. HP: 19/19 MP: 0/0
   119 | D:1      | Reached skill level 4 in Axes
   178 | D:1      | Reached XP level 2. HP: 27/27 MP: 1/1
   670 | D:2      | Reached XP level 3. HP: 9/33 MP: 2/2
   909 | D:2      | Reached ** piety under Trog
  1071 | D:2      | Reached XP level 4. HP: 40/40 MP: 3/3
  1260 | D:3      | Noticed Ijyb
  1269 | D:3      | Killed Ijyb
  1270 | D:3      | Reached skill level 5 in Axes
  1615 | D:3      | Found a glowing drain.
  1617 | D:3      | Reached XP level 5. HP: 22/47 MP: 4/4
  1622 | Sewer    | Entered a sewer
  1727 | Sewer    | Reached *** piety under Trog
  1825 | Sewer    | Reached skill level 6 in Axes
  1830 | Sewer    | Reached skill level 5 in Fighting
  2092 | D:4      | Reached XP level 6. HP: 50/56 MP: 5/5
  2168 | D:4      | Found a shadowy altar of Dithmenos.
  2179 | D:4      | Found a glowing golden altar of the Shining One.
  2186 | D:4      | Reached **** piety under Trog
  2187 | D:4      | Reached skill level 1 in Shields
  2283 | D:4      | Found a white marble altar of Elyvilon.
  2315 | D:4      | Found a radiant altar of Vehumet.
  2371 | D:4      | Found a sacrificial altar of Ru.
  2545 | D:5      | Entered Level 5 of the Dungeon
  2858 | D:5      | Reached skill level 7 in Axes
  2870 | D:5      | Reached XP level 7. HP: 49/61 MP: 6/6
  2881 | D:5      | Reached skill level 5 in Armour
  3394 | D:6      | Reached skill level 8 in Axes
  3709 | D:6      | Reached XP level 8. HP: 54/71 MP: 7/7
  3781 | D:6      | Noticed Eustachio
  3798 | D:6      | Killed Eustachio
  4003 | D:7      | Reached skill level 9 in Axes
  4032 | D:7      | Found a broken altar of Ashenzari.
  4084 | D:7      | Found a runed translucent door.
  4085 | D:7      | Noticed Crazy Yiuf
  4093 | D:7      | Killed Crazy Yiuf
  4256 | D:7      | Reached skill level 10 in Axes
  4323 | D:7      | Found a staircase to the Ecumenical Temple.
  4445 | D:7      | Reached XP level 9. HP: 38/81 MP: 8/8
  5236 | D:8      | Reached skill level 11 in Axes
  5275 | D:8      | Noticed a troll
  5390 | D:8      | Killed a troll
  5717 | D:8      | Reached skill level 12 in Axes
  6099 | D:8      | Found a staircase to the Lair.
  6104 | D:8      | HP: 1/83 [electric eel/bolt of electricity (4)]
  6452 | Lair:1   | Entered Level 1 of the Lair of Beasts
  6527 | Lair:1   | Reached XP level 10. HP: 36/91 MP: 9/9
  6554 | Lair:1   | HP: 4/91 [blink frog (5)]
  6554 | Lair:1   | Mangled by a blink frog

Illustrated notes

Levels and vault maps discovered:
D:1:      reono_arrival_forest_river, layout_basic, hex_large
D:2:      layout_rooms
D:3:      layout_rooms, portal_sewer_entry_e, uniq_ijyb
D:4:      layout_rooms, mainiacjoe_overflow_boulevard,
          mainiacjoe_overflow_big_doors, grunt_temple_overflow_open
D:5:      kennysheep_slugbush, layout_gridville
D:6:      layout_basic, lightli_corner_chamber, uniq_eustachio
D:7:      layout_loops_ring, nicolae_overflow_crystal_walls,
          minmay_temple_entry_antechambers, uniq_crazy_yiuf_cottage
D:8:      layout_cave_pools, erik_lair_island, hex_medium
Lair:1:   layout_cave_pods, grunt_megastairs_5, infiniplex_staircase_pool_2,
          uniq_joseph

Skill      XL: |  1  2  3  4  5  6  7  8  9 |
---------------+----------------------------+-----
Axes           | 4 5 6 7 8 10 12 | 12.7
Fighting       | 4 5 6 7 9 |  9.4
Armour         | 3 4 5 7 9 |  9.1
Shields        | 2 |  2.0
Dodging        | |  2.1

Action                     |  1- 3 |  4- 6 |  7- 9 | 10-12 || total
---------------------------+-------+-------+-------+-------++-------
  Melee: Hand axe          |    61 |   182 |   268 |       ||   511
         Headbutt          |     9 |    29 |    78 |     1 ||   117
         Punch             |       |     1 |       |       ||     1
         War axe           |       |       |    95 |    13 ||   108
 Invoke: Trog's Hand       |       |     1 |     7 |     1 ||     9
         Berserk           |       |     1 |     1 |     1 ||     3
    Use: Scroll            |     4 |     5 |     5 |       ||    14
         Potion            |       |       |     2 |       ||     2
 Armour: Animal skin       |     1 |       |       |       ||     1
         Leather armour    |     3 |       |       |       ||     3
         Ring mail         |     8 |    42 |       |       ||    50
         Chain mail        |       |    21 |       |       ||    21
         Plate armour      |       |     2 |   200 |     3 ||   205
  Dodge: Dodged            |    43 |   102 |   125 |     4 ||   274
  Block: Buckler           |       |     4 |    53 |     3 ||    60
